TOP OF THE 1ST |
Havana Rollers batting - Pitching for Portland Privateers : RHP Ray McIntyre
|
Pitching: RHP Ray McIntyre
|
|
Batting: LHB Marvin Nichols
|
0-0: Called Strike 0-1: Fly out, F8 (Line Drive, 8LD)
|
Batting: RHB Mitsuharu Matsumoto
|
0-0: Ball 1-0: Foul Ball, location: 2F 1-1: Ball 2-1: Called Strike 2-2: Strikes out looking
|
Batting: RHB Tommy Davenport
|
0-0: Ground out U3 (Groundball, 3L)
|
Top of the 1st over - 0 runs, 0 hits, 0 errors, 0 left on base; Havana 0 - Portland 0 |
BOTTOM OF THE 1ST |
Portland Privateers batting - Pitching for Havana Rollers : RHP Paul Lorenzo
|
Pitching: RHP Paul Lorenzo
|
|
Batting: RHB Dick Slagboom
|
0-0: Called Strike 0-1: Ball 1-1: Ball 2-1: Ball 3-1: Called Strike 3-2: Fly out, F8 (Flyball, 8RD)
|
Batting: LHB Yasuhiko Onodera
|
0-0: Ball 1-0: Ball 2-0: Foul Ball, location: 2F 2-1: SINGLE (Line Drive, 8LS)
|
Batting: SHB Jacob Knapp
|
0-0: Ball 1-0: Called Strike 1-1: Called Strike 1-2: Strikes out swinging
|
Batting: RHB José Balina
|
0-0: Called Strike 0-1: Ball 1-1: Foul Ball, location: 2F 1-2: Ground out 4-3 (Groundball, 4)
|
Bottom of the 1st over - 0 runs, 1 hit, 0 errors, 1 left on base; Havana 0 - Portland 0 |
TOP OF THE 2ND |
Havana Rollers batting - Pitching for Portland Privateers : RHP Ray McIntyre
|
Batting: RHB Soshu Nakamura
|
0-0: Foul Ball, location: 2F 0-1: Called Strike 0-2: Ball 1-2: Ball 2-2: Strikes out swinging
|
Batting: RHB Bill Little
|
0-0: Foul Ball, location: 2F 0-1: Called Strike 0-2: Ball 1-2: SOLO HOME RUN (Flyball, 7D), Distance : 367 ft
|
Batting: LHB Shiro Ueno
|
0-0: Ball 1-0: Ball 2-0: Foul Ball, location: 2F 2-1: Foul Ball, location: 2F 2-2: Foul Ball, location: 2F 2-2: Foul Ball, location: 2F 2-2: DOUBLE (Line Drive, 89M)
|
Batting: RHB Luis Aguilar
|
0-0: Ball 1-0: Ball 2-0: Foul Ball, location: 2F 2-1: Foul Ball, location: 2F 2-2: Ball 3-2: Strikes out swinging
|
Batting: LHB José Torres
|
0-0: Ball 1-0: SINGLE (Line Drive, 9LS) Shiro Ueno to third Runner from 3rd tries for Home, SAFE, no throw
|
Batting: RHB Ken MacDonald
|
0-0: Ball 1-0: Ball 2-0: Called Strike 2-1: Foul Ball, location: 2F 2-2: Strikes out swinging
|
Top of the 2nd over - 2 runs, 3 hits, 0 errors, 1 left on base; Havana 2 - Portland 0 |
BOTTOM OF THE 2ND |
Portland Privateers batting - Pitching for Havana Rollers : RHP Paul Lorenzo
|
Batting: LHB Dillon Beck
|
0-0: Ball 1-0: Called Strike 1-1: DOUBLE (Flyball, 78XD)
|
Batting: SHB Cory Campbell
|
0-0: Ball 1-0: Foul Ball, location: 2F 1-1: Foul Ball, location: 2F 1-2: Strikes out swinging
|
Batting: SHB Patrick Larson
|
0-0: Ball 1-0: SINGLE (Line Drive, 4D) Dillon Beck to third
|
Pitching: LHP Dave Miller
|
|
Batting: SHB José Espinoza
|
0-0: Fly out, F3 (Popup, 3)
|
Batting: SHB Luis Manuel López
|
0-0: Called Strike 0-1: Ball 1-1: Fly out, F9 (Flyball, 9S)
|
Bottom of the 2nd over - 0 runs, 2 hits, 0 errors, 2 left on base; Havana 2 - Portland 0 |
TOP OF THE 3RD |
Havana Rollers batting - Pitching for Portland Privateers : RHP Ray McIntyre
|
Batting: LHB Marvin Nichols
|
0-0: Swinging Strike 0-1: Swinging Strike 0-2: Fly out, F9 (Flyball, 9S)
|
Batting: RHB Mitsuharu Matsumoto
|
0-0: Called Strike 0-1: Swinging Strike 0-2: Ball 1-2: Ball 2-2: Strikes out looking
|
Batting: RHB Tommy Davenport
|
0-0: Called Strike 0-1: Fly out, F7 (Flyball, 78S)
|
Top of the 3rd over - 0 runs, 0 hits, 0 errors, 0 left on base; Havana 2 - Portland 0 |
BOTTOM OF THE 3RD |
Portland Privateers batting - Pitching for Havana Rollers : LHP Dave Miller
|
Batting: RHB Dick Slagboom
|
0-0: Ball 1-0: Ball 2-0: Ball 3-0: Swinging Strike 3-1: Called Strike 3-2: Fly out, F7 (Flyball, 7LDF)
|
Batting: LHB Yasuhiko Onodera
|
0-0: Fly out, F5 (Popup, 56)
|
Batting: SHB Jacob Knapp
|
0-0: Ball 1-0: Fly out, F9 (Flyball, 9S)
|
Bottom of the 3rd over - 0 runs, 0 hits, 0 errors, 0 left on base; Havana 2 - Portland 0 |
TOP OF THE 4TH |
Havana Rollers batting - Pitching for Portland Privateers : RHP Ray McIntyre
|
Batting: RHB Soshu Nakamura
|
0-0: Ball 1-0: Ground out 6-3 (Groundball, 6S)
|
Batting: RHB Bill Little
|
0-0: Foul Ball, location: 2F 0-1: Ball 1-1: SINGLE (Groundball, 6D)
|
Pitching: RHP Gabe Lewis
|
|
Batting: LHB Shiro Ueno
|
0-0: Foul Ball, location: 2F 0-1: Ball 1-1: Ball 2-1: Ball 3-1: Foul Ball, location: 2F 3-2: Base on Balls Bill Little to second
|
Batting: RHB Luis Aguilar
|
0-0: Foul Ball, location: 2F 0-1: Ball 1-1: Swinging Strike 1-2: Ball 2-2: Strikes out looking
|
Batting: LHB José Torres
|
0-0: Called Strike 0-1: Ball 1-1: Ground out U3 (Groundball, 3)
|
Top of the 4th over - 0 runs, 1 hit, 0 errors, 2 left on base; Havana 2 - Portland 0 |
BOTTOM OF THE 4TH |
Portland Privateers batting - Pitching for Havana Rollers : LHP Dave Miller
|
Batting: RHB José Balina
|
0-0: Fly out, F5 (Line Drive, 56)
|
Batting: LHB Dillon Beck
|
0-0: Called Strike 0-1: Swinging Strike 0-2: Ball 1-2: Strikes out swinging
|
Batting: SHB Cory Campbell
|
0-0: Ball 1-0: Ball 2-0: Called Strike 2-1: Foul Ball, location: 2F 2-2: Ball 3-2: Fly out, F4 (Popup, 34S)
|
Bottom of the 4th over - 0 runs, 0 hits, 0 errors, 0 left on base; Havana 2 - Portland 0 |
TOP OF THE 5TH |
Havana Rollers batting - Pitching for Portland Privateers : RHP Gabe Lewis
|
Batting: RHB Ken MacDonald
|
0-0: Ball 1-0: Ball 2-0: Called Strike 2-1: Foul Ball, location: 2F 2-2: Strikes out swinging
|
Batting: LHB Marvin Nichols
|
0-0: Foul Ball, location: 2F 0-1: Ball 1-1: Foul Ball, location: 2F 1-2: Foul Ball, location: 2F 1-2: Strikes out looking
|
Batting: RHB Mitsuharu Matsumoto
|
0-0: Foul Ball, location: 2F 0-1: Ball 1-1: Ball 2-1: Ball 3-1: Foul Ball, location: 2F 3-2: Strikes out swinging
|
Top of the 5th over - 0 runs, 0 hits, 0 errors, 0 left on base; Havana 2 - Portland 0 |
BOTTOM OF THE 5TH |
Portland Privateers batting - Pitching for Havana Rollers : LHP Dave Miller
|
Batting: SHB Patrick Larson
|
0-0: Ball 1-0: Ball 2-0: Ball 3-0: Base on Balls
|
Batting: SHB José Espinoza
|
0-0: Called Strike 0-1: Fly out, F9 (Flyball, 9S)
|
Batting: SHB Luis Manuel López
|
0-0: Ball 1-0: Ball 2-0: Called Strike 2-1: Swinging Strike 2-2: Strikes out swinging
|
Batting: RHB Dick Slagboom
|
0-0: Swinging Strike 0-1: Foul Ball, location: 2F 0-2: Ball 1-2: Ball Patrick Larson steals 2nd base 2-2: Foul Ball, location: 2F 2-2: Fly out, F8 (Flyball, 8LD)
|
Bottom of the 5th over - 0 runs, 0 hits, 0 errors, 1 left on base; Havana 2 - Portland 0 |
TOP OF THE 6TH |
Havana Rollers batting - Pitching for Portland Privateers : RHP Gabe Lewis
|
Batting: RHB Tommy Davenport
|
0-0: Foul Ball, location: 2F 0-1: Ball 1-1: Ball 2-1: Swinging Strike 2-2: Fly out, F8 (Flyball, 8LD)
|
Batting: RHB Soshu Nakamura
|
0-0: Foul Ball, location: 2F 0-1: Ball 1-1: Ball 2-1: Ball 3-1: Called Strike 3-2: Foul Ball, location: 2F 3-2: Base on Balls
|
Batting: RHB Bill Little
|
0-0: Called Strike 0-1: Swinging Strike 0-2: Ball 1-2: Grounds into double play, 6-4-3 (Groundball, 6)
|
Top of the 6th over - 0 runs, 0 hits, 0 errors, 0 left on base; Havana 2 - Portland 0 |
BOTTOM OF THE 6TH |
Portland Privateers batting - Pitching for Havana Rollers : LHP Dave Miller
|
Batting: LHB Yasuhiko Onodera
|
0-0: Called Strike 0-1: Ball 1-1: Ball 2-1: Foul Ball, location: 2F 2-2: Ball 3-2: Fly out, F7 (Flyball, 7S)
|
Batting: SHB Jacob Knapp
|
0-0: Called Strike 0-1: Ball 1-1: Ball 2-1: Ball 3-1: Swinging Strike 3-2: Strikes out looking
|
Batting: RHB José Balina
|
0-0: Ball 1-0: Fly out, F9 (Flyball, 9LM)
|
Bottom of the 6th over - 0 runs, 0 hits, 0 errors, 0 left on base; Havana 2 - Portland 0 |
TOP OF THE 7TH |
Havana Rollers batting - Pitching for Portland Privateers : RHP Gabe Lewis
|
Batting: LHB Shiro Ueno
|
0-0: Fly out, F8 (Flyball, 8LM)
|
Batting: RHB Luis Aguilar
|
0-0: Called Strike 0-1: Ball 1-1: Ball 2-1: Ball 3-1: Ground out U3 (Groundball, 34S)
|
Batting: LHB José Torres
|
0-0: Ball 1-0: Ground out 4-3 (Groundball, 4)
|
Top of the 7th over - 0 runs, 0 hits, 0 errors, 0 left on base; Havana 2 - Portland 0 |
BOTTOM OF THE 7TH |
Portland Privateers batting - Pitching for Havana Rollers : LHP Dave Miller
|
Pitching: RHP Jason Drake
|
|
Batting: LHB Dillon Beck
|
0-0: Ball 1-0: SINGLE (Groundball, 56D)
|
Batting: SHB Cory Campbell
|
0-0: Ball 1-0: Ball 2-0: Called Strike 2-1: Foul Ball, location: 2F 2-2: Ball 3-2: Strikes out swinging
|
Batting: SHB Patrick Larson
|
0-0: Ball 1-0: Ball 2-0: Foul Ball, location: 2F 2-1: Foul Ball, location: 2F 2-2: Ball 3-2: Fly out, F8 (Flyball, 8LD)
|
Batting: SHB José Espinoza
|
0-0: Foul Ball, location: 2F Balk! Dillon Beck to second 0-1: Foul Ball, location: 2F 0-2: Hit by Pitch
|
Pinch Hitting: RHB Joe Bailey
|
0-0: Foul Ball, location: 2F 0-1: Foul Ball, location: 2F 0-2: Foul Ball, location: 2F 0-2: Ground out 4-3 (Groundball, 4MS)
|
Bottom of the 7th over - 0 runs, 1 hit, 0 errors, 2 left on base; Havana 2 - Portland 0 |
TOP OF THE 8TH |
Havana Rollers batting - Pitching for Portland Privateers : RHP Gabe Lewis
|
Now at SS: Rodney Birling
|
|
Batting: RHB Ken MacDonald
|
0-0: Called Strike 0-1: Called Strike 0-2: Strikes out swinging
|
Batting: LHB Marvin Nichols
|
0-0: Ball 1-0: Ball 2-0: Ball 3-0: Called Strike 3-1: Base on Balls
|
Pitching: RHP Ricardo Ontiveros
|
|
Batting: RHB Mitsuharu Matsumoto
|
0-0: Ball 1-0: Called Strike 1-1: Ball 2-1: Ball 3-1: Fly out, F7 (Flyball, 78M)
|
Batting: RHB Tommy Davenport
|
0-0: Called Strike 0-1: Fielders Choice at 2nd, 5-4 (Groundball, 56)
|
Top of the 8th over - 0 runs, 0 hits, 0 errors, 1 left on base; Havana 2 - Portland 0 |
BOTTOM OF THE 8TH |
Portland Privateers batting - Pitching for Havana Rollers : RHP Jason Drake
|
Batting: RHB Dick Slagboom
|
0-0: Ball 1-0: Ball 2-0: Ball 3-0: Called Strike 3-1: Called Strike 3-2: Ground out 5-3 (Groundball, 56S)
|
Batting: LHB Yasuhiko Onodera
|
0-0: Ball 1-0: Ball 2-0: Foul Ball, location: 2F 2-1: Ball 3-1: Base on Balls
|
Batting: SHB Jacob Knapp
|
0-0: Called Strike 0-1: Ball 1-1: Foul Ball, location: 2F 1-2: Foul Ball, location: 2F 1-2: Ball 2-2: Ball 3-2: Base on Balls Yasuhiko Onodera to second
|
Batting: RHB José Balina
|
0-0: Ball 1-0: Foul Ball, location: 2F 1-1: Ball 2-1: Swinging Strike 2-2: Strikes out swinging
|
Batting: LHB Dillon Beck
|
0-0: Ball 1-0: Ground out 4-3 (Groundball, 34D)
|
Bottom of the 8th over - 0 runs, 0 hits, 0 errors, 2 left on base; Havana 2 - Portland 0 |
TOP OF THE 9TH |
Havana Rollers batting - Pitching for Portland Privateers : RHP Ricardo Ontiveros
|
Batting: RHB Soshu Nakamura
|
0-0: Ball 1-0: Called Strike 1-1: Foul Ball, location: 2F 1-2: Ball 2-2: Strikes out swinging
|
Batting: RHB Bill Little
|
0-0: Called Strike 0-1: Ball 1-1: Ball 2-1: Foul Ball, location: 2F 2-2: Ball 3-2: Strikes out looking
|
Batting: LHB Shiro Ueno
|
0-0: Called Strike 0-1: SINGLE (Groundball, 34D)
|
Batting: RHB Luis Aguilar
|
0-0: Swinging Strike 0-1: Fly out, F5 (Line Drive, 5)
|
Top of the 9th over - 0 runs, 1 hit, 0 errors, 1 left on base; Havana 2 - Portland 0 |
BOTTOM OF THE 9TH |
Portland Privateers batting - Pitching for Havana Rollers : RHP Jason Drake
|
Batting: SHB Cory Campbell
|
0-0: Foul Ball, location: 2F 0-1: Foul Ball, location: 2F 0-2: Ball 1-2: Ball 2-2: Ground out 5-3 (Groundball, 56)
|
Batting: SHB Patrick Larson
|
0-0: Called Strike 0-1: Swinging Strike 0-2: Foul Ball, location: 2F 0-2: Ball 1-2: Fly out, F6 (Flyball, 6MD)
|
Batting: SHB José Espinoza
|
0-0: Called Strike 0-1: Ball 1-1: Foul Ball, location: 2F 1-2: Ball 2-2: Foul Ball, location: 2F 2-2: Foul Ball, location: 2F 2-2: Strikes out swinging
|
Bottom of the 9th over - 0 runs, 0 hits, 0 errors, 0 left on base; Havana 2 - Portland 0 |
|